 Dungeon Crawl Stone Soup version 0.26-a0-547-g695e311587 (webtiles) character file.

Game seed: 3563313804655947078

744 ANON1729 the Bolt Thrower (level 7, -2/61 HPs)
             Began as a Deep Dwarf Arcane Marksman on Aug 20, 2020.
             Killed from afar by an orc wizard (6 damage)
             ... with a puff of flame
             ... on level 4 of the Dungeon.
             The game lasted 00:09:16 (4460 turns).

ANON1729 the Bolt Thrower (DDAM)                    Turns: 4460, Time: 00:09:16

Health: -2/61      AC:  3    Str: 16    XL:     7   Next: 47%
Magic:  7/7        EV: 13    Int: 13    God:
Gold:   137        SH:  0    Dex: 13    Spells: 10/11 levels left

rFire    . . .     SeeInvis .   i - +1 dagger (venom)
rCold    . . .     Faith    .   (no shield)
rNeg     . . .     Spirit   .   e - +0 robe
rPois    .         Reflect  .   (no helmet)
rElec    .         Harm     .   m - +0 cloak
rCorr    .                      (no gloves)
MR       +....                  (no boots)
Stlth    +.........             (no amulet)
HPRegen  0.00/turn              (no ring)
MPRegen  0.10/turn              (no ring)

@: non-regenerating
A: damage resistance, heal wounds, sense surroundings 1, no regeneration
a: Heal Wounds


You were on level 4 of the Dungeon.
You visited 2 branches of the dungeon, and saw 5 of its levels.

You collected 137 gold pieces.

Inventory:

Hand Weapons
 a - a +0 hand crossbow
 i - a +1 dagger of venom (weapon)
Missiles
 d - 7 bolts
Armour
 e - a +0 robe (worn)
 m - a +0 cloak (worn)
Jewellery
 c - an uncursed ring of fire
Scrolls
 f - 5 scrolls of teleportation {unknown}
 g - 3 scrolls of identify {unknown}
 j - 2 scrolls of fear {unknown}
 k - a scroll of amnesia {unknown}
 l - a scroll of random uselessness {unknown}
 o - 2 scrolls of noise {unknown}
 q - 2 scrolls of enchant weapon {unknown}
 v - a scroll of remove curse {unknown}
Potions
 b - 2 potions of haste {unknown}
 h - a potion of might {unknown}
 n - 2 potions of curing {unknown}
 p - a potion of lignification {unknown}
 r - 3 potions of stabbing {unknown}
 s - a potion of flight {unknown}
 t - a potion of heal wounds {unknown}
 u - a potion of resistance {unknown}
 w - a potion of cancellation {unknown}


   Skills:
 + Level 2.9 Fighting
 * Level 4.9 Crossbows
 * Level 3.8 Armour
 - Level 3.0 Dodging
 + Level 2.9 Spellcasting
 + Level 3.7 Hexes


You had 10 spell levels left.
You knew the following spells:

 Your Spells              Type           Power        Failure   Level
a - Corona                Hex            ##.....      4%          1

Your spell library contained the following spells:

 Spells                   Type           Power        Failure   Level
 Slow                     Hex            ##......     8%          2
 Inner Flame              Hex/Fire       #.......     32%         3
 Portal Projectile        Hex/Tloc       #.....       32%         3
 Cause Fear               Hex            ##........   45%         4
 Leda's Liquefaction      Hex/Erth       #.........   71%         4


Dungeon Overview and Level Annotations

Branches:
Dungeon (4/15)             Temple (1/1) D:4

Altars:
Ashenzari
Dithmenos
Elyvilon
Fedhas
Gozag
Hepliaklqana
Kikubaaqudgha
Nemelex Xobeh
Okawaru
Qazlal
Ru
Trog
Uskayaw
Vehumet
Xom
Yredelemnul

Annotations:
D:3 1 runed translucent door, Renjy's ghost, weakling FoGl


Innate Abilities, Weirdness & Mutations

You are resistant to damage.
You can heal yourself by infusing magical energy.
You passively map a small area around you.
You do not regenerate.


Message History

You kill the orc priest!
The orc hits you with a +0 mace.
* * * LOW HITPOINT WARNING * * *
The orc wizard hits you with a +1 dagger of protection.
The orc closely misses you. The orc misses you.
There is a stone staircase leading down here.
You hit the orc but do no damage.
The orc is poisoned.
The orc closely misses you.
You closely miss the orc wizard.
The orc wizard is severely wounded.
The orc hits you with a +0 mace.
* * * LOW HITPOINT WARNING * * *
You hit the orc wizard.
The orc wizard is severely wounded.
The orc wizard looks more healthy.
The orc wizard hits you but does no damage.
The orc wizard casts a spell at you. The puff of flame hits you!
You die...

#...#############...
##....## ##..
##....# ##. #....#
#. ##...# #. #...##
#.. #oo..# * ....
##>)..## ..###
#@o....# ,.##*
#....###,,, ...### ,
* ...## * ...## * ,
...# ...# ...# *


You could see an orc wizard and 2 orcs.

Vanquished Creatures
  An ogre (D:4)
  2 bullfrog skeletons (D:4)
  2 hounds (D:4)
  8 orc priests
  An orc wizard (D:4)
  A centaur skeleton (D:4)
  3 worker ants (D:4)
  4 adders
  4 gnolls
  An ooze (D:1)
  2 worms (D:2)
  A leopard gecko (D:1)
  13 orcs
  6 giant cockroaches
  14 hobgoblins
  7 jackals
  A quokka (Temple)
  A ball python (D:1)
  8 bats
  4 frilled lizards
  7 goblins
  5 kobolds
  A quokka skeleton (D:3)
  11 rats
108 creatures vanquished.

Notes
Turn   | Place    | Note
-------+----------+-------------------------------------------
     0 | D:1      | ANON1729 the Deep Dwarf Arcane Marksman began the quest for
                  | the Orb.
     0 | D:1      | Reached XP level 1. HP: 16/16 MP: 2/2
    77 | D:1      | Reached skill level 1 in Fighting
   137 | D:1      | Reached XP level 2. HP: 16/25 MP: 3/3
   823 | D:1      | Reached XP level 3. HP: 20/31 MP: 3/5
  1531 | D:2      | Reached XP level 4. HP: 37/38 MP: 5/5
  1545 | D:2      | Found an ancient bone altar of Kikubaaqudgha.
  1784 | D:2      | Reached skill level 3 in Crossbows
  1999 | D:3      | Found a runed translucent door.
  1999 | D:3      | Noticed Renjy's ghost (weakling FoGl)
  2227 | D:3      | Reached XP level 5. HP: 45/45 MP: 4/6
  2236 | D:3      | Reached skill level 1 in Armour
  2585 | D:3      | Found a white marble altar of Elyvilon.
  3570 | D:4      | Found a staircase to the Ecumenical Temple.
  3596 | D:4      | Reached XP level 6. HP: 16/52 MP: 7/7
  3601 | Temple   | Entered the Ecumenical Temple
  3764 | D:4      | Reached skill level 4 in Crossbows
  3951 | D:4      | Reached XP level 7. HP: 27/61 MP: 7/9
  4186 | D:4      | Found a hazy altar of Hepliaklqana.
  4460 | D:4      | Killed from afar by an orc wizard

Illustrated notes

Levels and vault maps discovered:
D:1:      minmay_arrival_diagonal_passages, layout_rooms, minmay_statues_item
D:2:      layout_loops_cross, kiku_gazebo_garden_becter
D:3:      layout_basic, elyvilon_altar_3, gammafunk_ghost_grave
D:4:      cheibrodos_quashed, layout_layer_cave, lemuel_doored_altar,
          minmay_temple_entry_slanted
Temple:   dshaligram_water_room_temple

Skill      XL: |  1  2  3  4  5  6 |
---------------+-------------------+-----
Fighting       | 1 2 |  2.9
Crossbows      | 3 4 |  4.9
Dodging        | 3 |  3.0
Spellcasting   | 2 |  2.9
Hexes          | 3 |  3.7
Armour         | 2 3 |  3.8

Action                   |  1- 3 |  4- 6 |  7- 9 || total
-------------------------+-------+-------+-------++-------
Melee: Dagger            |    14 |   134 |    91 ||   239
 Fire: Hand crossbow     |    73 |    53 |       ||   126
 Abil: Heal Wounds       |     1 |     6 |     3 ||    10
 Stab: Sleeping          |       |     3 |       ||     3
Armor: Robe              |     8 |    32 |    14 ||    54
Dodge: Dodged            |    19 |   132 |    68 ||   219

Table legend: (Time is in decaauts)
 A = Elapsed time spent in this place.
 B = Non-inter-level travel time spent in this place.
 C = Inter-level travel time spent in this place.
 D = Time resting spent in this place.
 E = Time spent auto-exploring this place.
 F = Levels seen in this place.
 G = Mean time per level.
                   A        B        C        D        E       F      G
               +--------+--------+--------+--------+--------+-----+--------+
         Total |   4499 |   4368 |    131 |   1405 |   2102 |   5 |  899.8 |
       Dungeon |   4366 |   4254 |    112 |   1405 |   2003 |   4 | 1091.5 |
        Temple |    133 |    114 |     19 |      0 |     99 |   1 |  133.0 |
               +--------+--------+--------+--------+--------+-----+--------+

Top non-repeatable levels by time:
     D:3: 1523 daAuts
     D:1: 1363 daAuts
     D:4: 851 daAuts
     D:2: 627 daAuts
  Temple: 133 daAuts
